 Dungeon Crawl Stone Soup version 0.28-a0-863-g8cecda6153 (webtiles) character file.

Game seed: 9716266717157161946

297 cheechan the Cutter (level 6, -1/41 HPs)
             Began as an Octopode Gladiator on Nov 18, 2021.
             Slain by a rat (2 damage)
             ... on level 4 of the Dungeon.
             The game lasted 00:13:47 (3906 turns).

cheechan the Cutter (Octopode Gladiator)            Turns: 3906, Time: 00:13:48

Health: -1/41      AC:  1    Str: 15    XL:     6   Next: 35%
Magic:  6/6        EV: 11    Int: 16    God:
Gold:   234        SH:  3    Dex: 14    Spells: 5/5 levels left

rFire   . . .      SeeInvis .   a - +0 rapier
rCold   . . .      Faith    .   q - +0 buckler
rNeg    . . .      Spirit   .   b - +0 hat
rPois   .          Reflect  .   (no amulet)
rElec   .          Harm     .   j - +6 ring of intelligence
rCorr   .          Rampage  .   (no ring)
Will    .....                   (no ring)
Stlth   ++++......              (no ring)
HPRegen 0.13/turn               (no ring)
MPRegen 0.10/turn               (no ring)
                                (no ring)
                                (no ring)

@: constricted
A: almost no armour, amphibious, 8 rings, camouflage 1, gelatinous body 1,
(nimble swimmer 1), tentacles
a: no special abilities


You were on level 4 of the Dungeon.
You visited 1 branch of the dungeon, and saw 4 of its levels.

You collected 234 gold pieces.

Inventory:

Hand Weapons
 a - a +0 rapier (weapon)
Missiles
 c - 3 throwing nets
 d - 9 poisoned darts
 i - 51 arrows
 n - 40 bolts
Armour
 b - a +0 hat (worn)
 q - a +0 buckler (worn)
Jewellery
 j - a +6 ring of intelligence (left tentacle)
Wands
 e - a wand of mindburst (12)
 l - a wand of flame (13) (quivered)
 m - a wand of iceblast (12)
Scrolls
 p - 2 scrolls of teleportation
 r - a scroll of brand weapon {unknown}
Potions
 f - 2 potions of flight
 g - a potion of invisibility
 k - a potion of resistance {unknown}
 o - a potion of lignification {unknown}
 s - a potion of haste {unknown}


   Skills:
 + Level 2.5 Fighting
 + Level 4.9 Short Blades
 + Level 2.0 Throwing
 + Level 4.3 Dodging
 + Level 4.1 Stealth
 + Level 0.6 Evocations


You had 5 spell levels left.
You didn't know any spells.
Your spell library contained the following spells:

 Spells                   Type           Power      Damage    Failure   Level
 Animate Skeleton         Necr           0%         N/A       38%         1
 Apportation              Tloc           0%         N/A       38%         1
 Summon Small Mammal      Summ           0%         N/A       38%         1


Dungeon Overview and Level Annotations

Branches:
Dungeon (4/15)
 Temple: D:4-7

Altars:
Vehumet

Shops:
D:3 *


Innate Abilities, Weirdness & Mutations

You cannot wear most types of armour.
You are amphibious.
You can wear up to eight rings at the same time.
Your skin changes colour to match your surroundings (Stealth+).
Your rubbery body absorbs attacks. (AC +1, EV +1)
((You are camouflaged near water. (Stealth+)))
You have tentacles for arms and can constrict up to eight enemies at once.


Message History

You block the ball python's attack.
You hit the adder.
You kill the adder!
You feel sick. The giant cockroach misses you. The ball python bites you.
You block the ball python's attack. The rat bites you.
The ball python misses you. The ball python barely misses you.
You hit the worm. Your grab misses the worm. You squeeze the worm.
The worm is moderately wounded.
You feel sick. The giant cockroach barely misses you.
The ball python bites you. The ball python barely misses you.
The rat closely misses you. The ball python bites you.
The ball python barely misses you. The worm bites you.
* * * LOW HITPOINT WARNING * * *
The giant cockroach closely misses you. The ball python bites you.
* * * LOW HITPOINT WARNING * * *
The ball python misses you.
You feel better. You block the rat's attack.
You block the ball python's attack. The ball python barely misses you.
The giant cockroach misses you. The ball python bites you.
* * * LOW HITPOINT WARNING * * *
The ball python completely misses you.
You hit the worm. You grab the worm. You squeeze the worm!
The worm is severely wounded.
You constrict the worm. You block the rat's attack. The ball python bites you.
* * * LOW HITPOINT WARNING * * *
The ball python grabs you. The ball python constricts you.
* * * LOW HITPOINT WARNING * * *
The giant cockroach bites you.
* * * LOW HITPOINT WARNING * * *
The ball python bites you.
* * * LOW HITPOINT WARNING * * *
The worm misses you.
Okay, then.
You escape the ball python's grasp.
You release your grip on the worm.
The ball python bites you.
* * * LOW HITPOINT WARNING * * *
The ball python grabs you. The ball python constricts you.
The ball python's grasp on you weakens, but your attempt to escape fails.
The ball python barely misses you. The rat bites you.
You die...

###### #.≈≈≈+ #.≈.≈#
#..≈≈#
################..≈≈###+#
..................≈≈≈≈≈≈#
................B....≈≈≈#
................Srw...≈.#
........(.......@S......#
#.######........######.##
#.# #######$.# ..# #..#
..# #..# ..# +..# ..#
#### ..# ###


You could see a worm, a giant cockroach, 2 ball pythons and a rat.

Vanquished Creatures
  A wyvern zombie (D:4)
  2 jellies
  Terence (D:3)
  Robin (D:3)
  7 adders
  2 dart slugs (D:1)
  10 ball pythons
  3 bats (D:1)
  4 endoplasms
  3 giant cockroaches
  11 goblins
  10 hobgoblins
  7 jackals
  2 quokkas (D:1)
  A frilled lizard (D:1)
  3 kobolds
  10 rats
78 creatures vanquished.

Notes
Turn   | Place    | Note
-------+----------+-------------------------------------------
     0 | D:1      | cheechan the Octopode Gladiator began the quest for the
                  | Orb.
     0 | D:1      | Reached XP level 1. HP: 14/14 MP: 1/1
    48 | D:1      | Reached XP level 2. HP: 18/19 MP: 2/2
   170 | D:1      | Reached XP level 3. HP: 19/24 MP: 3/3
   678 | D:1      | Reached skill level 1 in Stealth
  1195 | D:2      | Found a radiant altar of Vehumet.
  1495 | D:2      | Reached XP level 4. HP: 25/29 MP: 4/4
  1545 | D:2      | Found a faded altar of an unknown god.
  2026 | D:3      | Reached XP level 5. HP: 15/34 MP: 5/5
  2354 | D:3      | Noticed Terence
  2360 | D:3      | Killed Terence
  2387 | D:3      | Noticed Robin
  2399 | D:3      | Killed Robin
  2918 | D:3      | Found Hyshix's General Store.
  3685 | D:4      | Found a radiant altar of Vehumet.
  3712 | D:4      | Reached XP level 6. HP: 38/41 MP: 6/6
  3905 | D:4      | HP: 1/41 [ball python (3)]
  3906 | D:4      | Slain by a rat

Illustrated notes

Levels and vault maps discovered:
D:1:      giann_bridges, layout_basic
D:2:      layout_basic, hellmonk_ecumenical_altar_pennies_from_heaven,
          basic_altar
D:3:      layout_rooms, serial_shops, nicolae_lakefront_shop,
          minmay_parallelograms, kennysheep_generic_room_5, uniq_terence,
          uniq_robin
D:4:      layout_gridville, mainiacjoe_overflow_catwalk,
          grunt_temple_overflow_diamond, portal_sewer_entry_e

Skill      XL: |  1  2  3  4  5  6 |
---------------+-------------------+-----
Stealth        | 2 3 4 |  4.1
Short Blades   | 4 |  4.9
Dodging        | 4 |  4.3
Fighting       | |  2.5
Throwing       | |  2.0
Evocations     | |  0.6

Action                   |  1- 3 |  4- 6 || total
-------------------------+-------+-------++-------
Melee: Rapier            |    72 |    72 ||   144
       Constrict         |    24 |    18 ||    42
       Tentacles         |    16 |    15 ||    31
Evoke: Wand              |       |    10 ||    10
  Use: Scroll            |     1 |     6 ||     7
       Potion            |       |     1 ||     1
 Stab: Sleeping          |     6 |     2 ||     8
       Distracted        |       |     1 ||     1
Armor: Skin              |     3 |     4 ||     7
Dodge: Dodged            |    60 |    58 ||   118
Block: Buckler           |       |    12 ||    12

Table legend: (Time is in decaauts)
 A = Elapsed time spent in this place.
 B = Non-inter-level travel time spent in this place.
 C = Inter-level travel time spent in this place.
 D = Time resting spent in this place.
 E = Time spent auto-exploring this place.
 F = Levels seen in this place.
 G = Mean time per level.
                   A        B        C        D        E       F      G
               +--------+--------+--------+--------+--------+-----+--------+
         Total |   3906 |   3906 |      0 |    539 |      0 |   4 |  976.5 |
       Dungeon |   3906 |   3906 |      0 |    539 |      0 |   4 |  976.5 |
               +--------+--------+--------+--------+--------+-----+--------+

Top non-repeatable levels by time:
     D:3: 1231 daAuts
     D:1: 1086 daAuts
     D:2: 894 daAuts
     D:4: 694 daAuts
